 Dungeon Crawl Stone Soup version 0.22-a0-91-g23542c2 (console) character file.

1776185 elliptic the Invulnerable (level 27, 249/249 HPs)
             Began as a Formicid Berserker on Jan 22, 2018.
             Was a High Priest of Trog.
             Escaped with the Orb
             ... and 3 runes!
             The game lasted 03:39:19 (68349 turns).

elliptic the Invulnerable (Formicid Berserker)     Turns: 68349, Time: 03:39:19

Health: 249/249    AC: 54    Str: 38    XL:     27
Magic:  10/10      EV: 16    Int: 12    God:    Trog [*****.]
Gold:   2049       SH: 31    Dex: 10    Spells: 26/26 levels left

rFire    + + +     SeeInvis +   a - +8 executioner's axe (antimagic)
rCold    + . .     Gourm    .   Z - +2 large shield
rNeg     + + .     Faith    .   l - +12 gold dragon scales
rPois    +         Spirit   .   (helmet unavailable)
rElec    +         Reflect  +   u - +2 cloak
rCorr    .         Harm     .   f - +0 pair of gloves "Zouson" {rF++ SInv}
MR       ++...                  W - +0 pair of boots of Heresy {rN++}
Stlth    ..........             F - amulet "Hukken" {Reflect rElec rPois Int+3 SH+4}
HPRegen  0.91/turn              Q - +5 ring of protection
MPRegen  0.12/turn              r - ring of the Zebra {Str+5 Slay+2}

@: no status effects
A: permanent stasis, dig shafts and tunnels, four strong arms, antennae 3,
repulsion field 1, slimy green scales 1, regeneration 1
0: Orb of Zot
}: 3/15 runes: decaying, serpentine, silver
a: Dig, Shaft Self, Trog's Hand, Brothers in Arms, Burn Spellbooks, Renounce
Religion


You escaped.
You worshipped Trog.
Trog was extremely pleased with you.
You were full.

You visited 10 branches of the dungeon, and saw 51 of its levels.
You visited the Abyss 1 time.
You visited 1 bazaar.
You also visited: Sewer.

You collected 8584 gold pieces.
You spent 6535 gold pieces at shops.


Innate Abilities, Weirdness & Mutations

You cannot be hasted, slowed, berserked, paralysed or teleported.
You can dig through walls and to a lower floor.
Your four strong arms can wield two-handed weapons with a shield.
You have a pair of large antennae on your head. (SInv)
You are surrounded by a mild repulsion field. (EV +2)
You are partially covered in slimy green scales. (AC +2)
Your natural rate of healing is unusually fast.


   Skills:
 O Level 27 Fighting
 O Level 27 Axes
 O Level 27 Armour
 + Level 13.5 Dodging
 + Level 18.5 Shields
 - Level 10.0 Evocations


You had 26 spell levels left.
You didn't know any spells.

Inventory:

Hand Weapons
 a - a +8 antimagic executioner's axe (weapon)
 b - a +9 vampiric battleaxe
 C - the +14 obsidian axe {chop, +Fly SInv *Curse}
   (Trog gifted it to you on level 2 of the Swamp)

   It inflicts extra damage upon your enemies.
   It lets you see invisible.
   It lets you fly.
   It curses itself when equipped.
 D - a +0 blowgun
Missiles
 y - 11 curare-tipped needles
Armour
 f - the +0 pair of gloves "Zouson" (worn) {rF++ SInv}
   (You acquired it on level 4 of the Depths)

   It greatly protects you from fire.
   It lets you see invisible.
 l - +12 gold dragon scales (worn)
 u - a +2 cloak (worn)
 A - the +2 cloak of the Thief {+Fog Slay-2 SInv Stlth+}
   (You acquired it on level 1 of the Elven Halls)

   It affects your accuracy and damage with ranged weapons and melee attacks
   (-2).
   It lets you see invisible.
   It makes you more stealthy.
 W - the +0 pair of boots of Heresy (worn) {rN++}
   (You acquired it on level 4 of the Depths)

   It greatly protects you from negative energy.
 X - the +1 pair of gloves of the Invisible Hand {rC+ Dex+2}
   (You found it on level 5 of the Depths)

   It affects your dexterity (+2).
   It protects you from cold.
 Z - a +2 large shield (worn)
Jewellery
 d - an uncursed ring of flight
 j - an uncursed ring of protection from fire
 q - an uncursed ring of protection from cold
 r - the ring of the Zebra (right hand) {Str+5 Slay+2}
   (You bought it in a shop in a bazaar)

   [ring of strength]

   It affects your strength (+5).
   It affects your accuracy and damage with ranged weapons and melee attacks
   (+2).
 z - the ring of the Salmon {Ice Str+5 Stlth+}
   (You bought it in a shop on level 10 of the Dungeon)

   [ring of ice]

   It enhances your ice magic.
   It affects your strength (+5).
   It makes you vulnerable to fire.
   It protects you from cold.
   It makes you more stealthy.
 F - the amulet "Hukken" (around neck) {Reflect rElec rPois Int+3 SH+4}
   (You bought it in a shop on level 3 of the Depths)

   [amulet of reflection]

   It shields you and reflects attacks.
   It affects your intelligence (+3).
   It insulates you from electricity.
   It protects you from poison.
   It affects your SH (+4).
 N - the ring "Fiyluat" {+Inv rPois rN+ Int+2}
   (You found it on level 3 of the Snake Pit)

   [ring of positive energy]

   It affects your intelligence (+2).
   It protects you from poison.
   It protects you from negative energy.
   It lets you turn invisible.
 Q - a +5 ring of protection (left hand)
 U - an uncursed ring of resist corrosion
Wands
 h - a wand of scattershot (11)
 M - a wand of acid (37)
 O - a wand of digging (44)
 V - a wand of iceblast (34)
Scrolls
 e - 26 scrolls of identify
 i - 15 scrolls of remove curse
 m - 9 scrolls of fog
 p - 7 scrolls of magic mapping
 x - 3 scrolls of summoning
 B - 3 scrolls of silence {!r}
 G - 11 scrolls of fear
 H - 3 scrolls of holy word
Potions
 g - 29 potions of curing
 k - 6 potions of mutation {!q}
 o - 4 potions of magic
 s - 7 potions of flight
 t - 7 potions of might
 v - 17 potions of heal wounds
 J - 3 potions of agility
 K - 5 potions of cancellation
 L - 4 potions of invisibility
 T - 2 potions of resistance
Comestibles
 c - 31 rations


Message History

There is a stone staircase leading down here.
You see here a scroll of teleportation.
You see here 19 arrows.
Evoke which item? (* to show all) (? for menu, Esc to quit)
Aiming: Dig
Press: ? - help, Shift-Dir - straight line, f - you The rock shatters into small pieces.
A crimson imp comes into view.
Evoke which item? (* to show all) (? for menu, Esc to quit)
Aiming: Dig
Press: ? - help, Shift-Dir - straight line, f - you The rock shatters into small pieces.
There is an open door here.
You see here a club.
The dart slug launches a dart at you.
The slug dart reflects off an invisible shield around you!
The slug dart hits the dart slug.
There is a staircase leading out of the dungeon here.
You extend your mandibles.
You have escaped!

#####.................# #
#.....[.#####.###.##
###########.......# #.)#
.).....####.####### ##(#
######.##.#....# #.#
#..#.#....### ###.##
#######.#.#....#.# #....#
........#.##.###.###.##.##
....)........+..@..+.##..#
.........#######.#######.#
.........#.............#.#
.........####.#####{####.#
.........####.#####.###..#
..........##.(.w.).{.##.##
........#.######.######.#
#########.'...........'.#
....### #.######.######5#


There were no monsters in sight!

Vanquished Creatures
  A pandemonium lord (Zot:5)
  12 ancient liches
  4 orbs of fire (Zot:5)
  Mara (Vaults:4)
  A juggernaut (Depths:1)
  Bai Suzhen (Swamp:3)
  Vashnia (Snake:2)
  5 Killer Klowns
  3 caustic shrikes
  4 curse toes
  14 golden dragons
  the Enchantress (Depths:1)
  Nikola (Vaults:1)
  4 bone dragons
  The ghost of btt the Slayer, an adept MiFi of the Shining One (Elf:2)
  6 electric golems
  13 tentacled monstrosities
  7 liches
  A Hell Sentinel (Depths:1)
  A shard shrike skeleton (Crypt:1)
  A hellephant (Zot:4)
  27 Orb Guardians
  Rupert (D:14)
  7 quicksilver dragons
  3 titans (Vaults:5)
  A deep elf blademaster (Elf:2)
  14 death cobs
  3 ancient champions
  A thorn hunter (Swamp:3)
  2 sphinxes
  5 draconian monks
  15 shadow dragons
  6 tengu reavers
  Kirke (Swamp:1)
  19 storm dragons
  6 nagarajas (Snake:4)
  2 revenants (Crypt:2)
  9 fire giants
  5 frost giants
  4 draconian knights
  9 draconian scorchers
  2 ghost moths
  A curse skull (Crypt:2)
  A deep elf elementalist (Vaults:5)
  A balrug (Zot:4)
  19 vault wardens
  5 deep elf sorcerers
  A caustic shrike zombie (Depths:3)
  3 iron dragons (Vaults:5)
  5 draconian shifters
  6 draconian stormcallers
  2 ghouls
  An orc warlord (Elf:1)
  21 ironheart preservers
  7 draconian annihilators
  2 spriggan defenders (Depths:1)
  23 stone giants
  16 very ugly things
  4 vampire knights
  A caustic shrike skeleton (Crypt:1)
  10 green draconians
  A reaper (Crypt:2)
  An entropy weaver (Vaults:4)
  16 black draconians
  12 purple draconians
  Azrael (Snake:2)
  2 deep elf annihilators
  Nessos (D:14)
  10 yellow draconians
  A deep elf demonologist (Elf:2)
  12 red draconians
  12 ettins
  2 spark wasps (Depths:1)
  13 white draconians
  An eidolon (Crypt:2)
  3 fire dragons
  17 ogre magi
  Josephine (D:11)
  3 deep elf death magi
  Erolcha (D:13)
  2 deep elf high priests (Vaults:5)
  5 yaktaur captains
  9 great orbs of eyes
  21 jiangshi
  4 rakshasas
  A quicksilver dragon skeleton (Crypt:1)
  8 naga warriors
  2 hell beasts
  29 vault guards
  14 hydras
  17 anacondas
  5 ice dragons
  Fannar (D:11)
  3 ghost crabs
  A spectral shadow dragon (Crypt:3)
  4 spriggan air magi
  11 alligators
  An anaconda (shapeshifter) (Vaults:5)
  8 centaur warriors
  Harold (Lair:1)
  50 two-headed ogres
  6 death knights
  10 deep troll shamans
  27 dancing weapons
  4 tengu warriors
  2 hell hogs (Depths:3)
  A titan zombie (Crypt:2)
  4 spriggan berserkers
  10 deep troll earth magi
  14 orc high priests
  7 vampire magi
  4 shock serpents
  A storm dragon zombie (Crypt:2)
  A soul eater (Depths:4)
  A titan skeleton (Crypt:1)
  16 naga sharpshooters
  18 deep elf knights
  Nergalle (Orc:1)
  A salamander mystic (Snake:3)
  3 sun demons
  15 hell knights
  3 iron trolls
  A sea snake (shapeshifter) (Vaults:5)
  7 shadow wraiths
  2 unseen horrors (Vaults:1)
  27 skeletal warriors
  8 naga ritualists
  A sixfirhy (Orc:2)
  4 spriggan druids
  An anaconda zombie (Crypt:2)
  2 spectral hydras (Swamp:4)
  4 wizards
  An obsidian statue (Vaults:2)
  Pikel (D:7)
  4 glowing orange brains
  A torturous demonspawn (Orc:2)
  4 swamp dragons
  8 deep elf archers
  2 gelid demonspawn (Orc:2)
  A swamp dragon (shapeshifter) (Vaults:5)
  15 flayed ghosts
  25 deep trolls
  A shambling mangrove (Swamp:4)
  5 wolf spider zombies
  An anaconda skeleton (Crypt:3)
  25 orc knights
  17 phantasmal warriors
  A shadow dragon zombie (Crypt:2)
  2 harpies (Vaults:4)
  2 harpies (shapeshifter)
  15 ironbrand convokers
  4 mana vipers
  A mana viper (shapeshifter) (D:12)
  7 orc sorcerers
  13 necromancers
  A human zombie (Vaults:4)
  8 salamanders
  A manticore (D:12)
  49 deep elf magi
  4 oklob plants
  2 wolf spiders
  A cyclops (shapeshifter) (Depths:3)
  5 cyclopes
  29 ugly things
  A frost giant skeleton (Crypt:1)
  29 moths of wrath
  Maurice (D:9)
  A rust devil (Depths:5)
  A dire elephant zombie (Crypt:1)
  10 apocalypse crabs (Zot:3)
  5 elephants (Zot:2)
  7 guardian serpents
  2 human skeletons
  A smoke demon (Zot:3)
  3 centaur zombies
  17 naga magi
  41 black mambas
  2 gargoyles
  A stone giant skeleton (Crypt:2)
  27 vault sentinels
  Psyche (D:11)
  An emperor scorpion zombie (Crypt:2)
  2 orange demons
  9 komodo dragons
  2 swamp worm zombies (Swamp:4)
  A rime drake (shapeshifter) (Vaults:1)
  33 spiny frogs
  A hellion (Depths:4)
  35 yaktaurs
  11 freezing wraiths
  A rime drake (Lair:6)
  An efreet (D:15)
  3 ice devils
  4 trolls
  2 hydra zombies
  A golden dragon simulacrum (Depths:3)
  3 red devils
  3 tengu conjurers
  A hellwing (Depths:4)
  10 tyrant leeches
  3 meliai (D:13)
  A wind drake (shapeshifter) (Depths:4)
  A hornet (shapeshifter) (Depths:3)
  A polar bear (shapeshifter) (Vaults:3)
  2 polar bears (Lair:2)
  A merfolk (shapeshifter) (Vaults:5)
  A meliai (shapeshifter) (Depths:4)
  17 slime creatures
  A meliai zombie (Crypt:2)
  2 ice dragon zombies
  A tengu simulacrum (Vaults:4)
  9 hornets
  A spectral swamp dragon (Swamp:4)
  27 blink frogs
  5 alligator zombies (Swamp:4)
  2 large abominations (Crypt:3)
  17 hippogriffs
  11 bog bodies
  A frost giant simulacrum (Vaults:3)
  3 raiju (shapeshifter)
  An ice dragon skeleton (Crypt:2)
  57 flying skulls
  A spriggan zombie (Depths:3)
  A redback (shapeshifter) (Vaults:1)
  A spriggan (shapeshifter) (Elf:2)
  15 fire bats (D:9)
  6 shadows
  8 spriggans
  17 wraiths
  45 yaks
  A black mamba zombie (Crypt:2)
  Eustachio (D:4)
  4 fire elementals
  A tarantella (shapeshifter) (Vaults:4)
  17 humans
  8 wyverns
  6 hogs (Swamp:1)
  A hog (shapeshifter) (Vaults:1)
  A ynoxinul (Orc:2)
  3 basilisks
  A chaos spawn (Orc:2)
  A basilisk (shapeshifter) (Vaults:3)
  16 vampire mosquitoes
  4 hungry ghosts
  58 nagas
  5 wargs
  14 insubstantial wisps
  A soldier ant (shapeshifter) (Vaults:3)
  A spiny frog zombie (Crypt:2)
  11 hell hounds
  A soldier ant (D:12)
  17 swamp worms
  Duvessa (D:7)
  19 water moccasins
  A two-headed ogre skeleton (Crypt:2)
  An acid dragon (Vaults:2)
  A floating eye (Depths:4)
  A hornet zombie (D:15)
  5 ice beasts
  8 porcupines
  A slave (D:7)
  9 swamp drakes
  2 sky beasts
  5 black bears
  An infernal demonspawn skeleton (Crypt:1)
  48 orc warriors
  A black mamba simulacrum (Crypt:1)
  4 swamp dragon zombies (Swamp:4)
  48 ogres
  5 necrophages
  8 phantoms
  10 boggarts
  9 centaurs
  14 crocodiles
  4 big kobolds
  2 small abominations (Crypt:3)
  20 bullfrogs
  A deep troll simulacrum (Vaults:3)
  An elf skeleton (Crypt:2)
  A gnoll sergeant (D:6)
  A komodo dragon skeleton (Crypt:2)
  2 earth elementals
  A water moccasin zombie (D:8)
  4 jellies
  A warg zombie (Crypt:2)
  A hornet simulacrum (D:15)
  A water moccasin skeleton (D:5)
  Dowan (D:7)
  10 killer bees
  A warg skeleton (Crypt:1)
  3 scorpions
  A polar bear zombie (Crypt:2)
  16 wights
  2 howler monkeys (D:13)
  An electric eel (Lair:6)
  8 crimson imps
  3 bullfrog zombies
  4 centaur skeletons
  17 orc priests
  8 hounds
  14 orc wizards
  2 bullfrog skeletons
  3 iguanas
  13 worker ants
  A lightning spire (Zot:1)
  A tengu skeleton (Crypt:2)
  A hound skeleton (D:10)
  2 worker ant zombies
  18 gnolls
  3 swamp drake zombies (Swamp:4)
  23 adders
  A river rat (Sewer)
  4 shadow imps
  An ooze (D:4)
  A worm zombie (Crypt:1)
  An adder zombie (D:5)
  A lava snake zombie (Crypt:1)
  An adder skeleton (D:4)
  An iguana skeleton (Crypt:2)
  4 worms
  2 dart slugs
  75 orcs
  3 ball pythons
  2 giant cockroaches
  8 goblins
  7 hobgoblins
  7 jackals
  6 quokkas
  51 bats
  18 frilled lizards
  17 kobolds
  A kobold zombie (Crypt:2)
  A leopard gecko skeleton (D:7)
  A leopard gecko zombie (D:9)
  A quokka zombie (D:9)
  12 rats
  5 briar patches (Swamp:3)
  A fungus (Lair:6)
  12 plants
2472 creatures vanquished.

Vanquished Creatures (collateral kills)
  An ancient lich (Crypt:3)
  Margery (Crypt:2)
  Saint Roka (Vaults:1)
  A profane servitor (Crypt:3)
  Jorgrun (Swamp:3)
  A sphinx (Vaults:4)
  Donald (Elf:2)
  A thorn hunter (Swamp:3)
  A revenant (Crypt:3)
  5 nagarajas (Snake:4)
  2 fire giants
  Louise (Snake:2)
  An ironheart preserver (Vaults:1)
  A spriggan defender (Depths:1)
  A vampire knight (Crypt:2)
  A deep elf demonologist (Vaults:5)
  A deep elf annihilator (Vaults:4)
  An ettin (Vaults:4)
  2 jiangshi
  A yaktaur captain (Vaults:4)
  A vault guard (Vaults:4)
  3 naga warriors (Snake:4)
  5 anacondas (Snake:4)
  A centaur warrior (Vaults:1)
  A death knight (Crypt:1)
  An alligator (Swamp:3)
  7 two-headed ogres
  4 dancing weapons (Elf:2)
  A deep troll earth mage (Vaults:4)
  3 naga sharpshooters
  2 hell knights (Crypt:2)
  A spriggan (Swamp:2)
  A deep elf knight (Elf:2)
  A shock serpent (Snake:4)
  A shadow wraith (Crypt:3)
  3 skeletal warriors (Crypt:3)
  A golden dragon zombie (Crypt:1)
  4 flayed ghosts (Crypt:2)
  2 spectral hydras (Swamp:4)
  A deep troll (Vaults:1)
  A glowing orange brain (Vaults:2)
  A deep elf archer (Vaults:4)
  2 naga ritualists (Snake:4)
  A harpy (Vaults:4)
  An ironbrand convoker (Vaults:1)
  5 deep elf magi
  2 spriggan druids
  3 phantasmal warriors
  A necromancer (Vaults:1)
  2 orc knights (Vaults:2)
  2 wolf spiders (Vaults:1)
  5 ugly things
  A salamander (shapeshifter) (Vaults:1)
  2 stone giant zombies (Crypt:2)
  A manticore (D:12)
  A naga mage (Snake:4)
  A fire giant skeleton (Crypt:2)
  An iron dragon skeleton (Crypt:2)
  A guardian serpent (shapeshifter) (Vaults:4)
  A vault sentinel (Vaults:4)
  A black mamba (Snake:4)
  2 guardian serpents (Snake:4)
  3 spiny frogs (Swamp:3)
  3 freezing wraiths
  4 yaktaurs
  2 hydra zombies
  2 tyrant leeches (Swamp:3)
  A troll (D:12)
  An iron troll skeleton (Crypt:1)
  5 hornets
  A fire dragon zombie (Crypt:3)
  A slime creature (Vaults:1)
  3 flying skulls
  A vampire (Swamp:3)
  2 shadows
  A water elemental (Elf:2)
  2 vampire mosquitoes (Swamp:2)
  6 insubstantial wisps
  A warg (Vaults:3)
  3 nagas
  A hell hound (Snake:2)
  2 swamp worms (Swamp:3)
  4 orc warriors
  A snapping turtle zombie (Crypt:2)
  A swamp dragon zombie (Swamp:4)
  A swamp drake (Swamp:3)
  4 ogres
  A phantom (Swamp:4)
  A wyvern zombie (Crypt:1)
  An elf skeleton (Crypt:2)
  A spriggan skeleton (Crypt:2)
  2 orc wizards
  5 orcs
175 creatures vanquished.

Vanquished Creatures (others)
  A golden dragon (Depths:5)
  A storm dragon (Zot:3)
  A vault warden (Vaults:5)
  A stone giant (Depths:1)
  A yaktaur captain (Vaults:5)
  2 naga sharpshooters (Snake:4)
  A deep elf knight (Elf:2)
  A deep troll (Depths:5)
  A necromancer (Depths:3)
  A moth of wrath (Zot:2)
  A cyclops (D:12)
  A black mamba (Snake:2)
  8 yaktaurs
  A troll (D:13)
  A bog body (Swamp:3)
  A slave (D:7)
  An ogre (D:7)
  A centaur (D:15)
  2 bushes
  19 fungi
  74 plants
121 creatures vanquished.

Grand Total: 2768 creatures vanquished

Notes
Turn   | Place    | Note
-------+----------+-------------------------------------------
     0 | D:1      | elliptic the Formicid Berserker began the quest for the Orb.
     0 | D:1      | Reached XP level 1. HP: 18/18 MP: 1/1
   269 | D:1      | sigh
   471 | D:1      | Reached XP level 2. HP: 24/24 MP: 2/2
   861 | D:1      | Reached XP level 3. HP: 26/29 MP: 3/3
   923 | D:1      | meh
  1179 | D:2      | meh
  1445 | D:2      | Found a glowing silver altar of Zin.
  1727 | D:2      | Reached XP level 4. HP: 35/35 MP: 4/4
  2276 | D:2      | HP: 6/35 [orc wizard/puff of flame (8)]
  2277 | D:2      | :(
  2278 | D:2      | Reached ** piety under Trog
  2278 | D:2      | Reached XP level 5. HP: 15/41 MP: 5/5
  2745 | D:3      | Found a blossoming altar of Fedhas.
  3080 | D:3      | Noticed a big kobold
  3091 | D:3      | Killed a big kobold
  3091 | D:3      | Reached skill level 6 in Axes
  3091 | D:3      | Reached XP level 6. HP: 39/47 MP: 6/6
  3204 | D:4      | Noticed an ogre
  3205 | D:4      | sigh
  3210 | D:4      | Killed an ogre
  3281 | D:4      | sigh
  3445 | D:4      | Reached *** piety under Trog
  3445 | D:4      | Reached XP level 7. HP: 41/55 MP: 7/7
  3504 | D:4      | Found an ancient bone altar of Kikubaaqudgha.
  3530 | D:4      | Found a glowing drain.
  3717 | Sewer    | Entered a sewer
  4096 | Sewer    | such a weird vault
  4339 | D:4      | Noticed Eustachio
  4366 | D:4      | Killed Eustachio
  4366 | D:4      | Reached XP level 8. HP: 59/62 MP: 8/8
  4797 | D:5      | Entered Level 5 of the Dungeon
  4868 | D:5      | Reached **** piety under Trog
  4942 | D:5      | Reached skill level 9 in Axes
  5130 | D:5      | Found a shattered altar of Ashenzari.
  5367 | D:5      | Found a staircase to the Ecumenical Temple.
  5393 | D:5      | sigh
  5738 | D:6      | ugh
  5813 | D:6      | Noticed a dagger
  5817 | D:6      | Reached skill level 6 in Fighting
  5818 | D:6      | Noticed a hand axe
  5818 | D:6      | Found a hide-covered altar of Uskayaw.
  5977 | D:6      | ugh
  5990 | D:7      | sigh
  5992 | D:7      | oh right
  5992 | D:7      | that was bad
  5993 | D:7      | HP: 12/64 [killer bee (7)]
  5993 | D:7      | HP: 5/64 [killer bee (7)]
  5994 | D:7      | You fall through a shaft for 3 floors!
  5994 | D:10     | Entered Level 10 of the Dungeon
  6000 | D:10     | HP: 11/64 [hound (3)]
  6007 | D:10     | Noticed a two-headed ogre
  6011 | D:11     | :(
  6018 | D:11     | HP: 19/96 [worker ant (3)]
  6019 | D:11     | sigh
  6022 | D:11     | HP: 8/96 [worker ant (5)]
  6024 | D:11     | Gained mutation: You do not regenerate when monsters are visible. [potion of mutation]
  6024 | D:11     | Gained mutation: You have a somewhat thin skeletal structure. (Dex +2, Stealth) [potion of mutation]
  6024 | D:11     | Gained mutation: You have sharp toenails. [potion of mutation]
  6027 | D:11     | HP: 14/96 [bullfrog zombie (4)]
  6033 | D:11     | HP: 13/96 [hound (1)]
  6037 | D:11     | Reached XP level 9. HP: 13/69 MP: 9/9
  6039 | D:11     | HP: 12/103 [bullfrog zombie (1)]
  6041 | D:11     | Lost mutation: You have a somewhat thin skeletal structure. (Dex +2, Stealth) [potion of mutation]
  6041 | D:11     | Lost mutation: You do not regenerate when monsters are visible. [potion of mutation]
  6041 | D:11     | Lost mutation: You have sharp toenails. [potion of mutation]
  6041 | D:11     | Gained mutation: Your muscles are strong. (Str +2) [potion of mutation]
  6041 | D:11     | Gained mutation: You are partially covered in molten scales. (AC +2) [potion of mutation]
  6041 | D:11     | Gained mutation: You occasionally shout uncontrollably at your foes. [potion of mutation]
  6041 | D:11     | Gained mutation: Your muscles are very strong. (Str +4) [potion of mutation]
  6042 | D:11     | meh
  6046 | D:11     | HP: 15/103 [poisoned by an adder]
  6255 | D:11     | Noticed a green ugly thing
  6257 | D:11     | :(
  6267 | D:11     | Killed a green ugly thing
  6269 | D:11     | Noticed a two-headed ogre
  6272 | D:11     | Killed a two-headed ogre
  6343 | D:11     | Noticed a hippogriff
  6358 | D:11     | Killed a hippogriff
  6447 | D:10     | meh
  6531 | D:8      | Found a staircase to the Lair.
  6532 | D:8      | meh
  7048 | D:6      | oh
  7112 | D:8      | sigh
  7134 | D:8      | Reached XP level 10. HP: 69/79 MP: 10/10
  7150 | D:8      | Reached skill level 3 in Shields
  7173 | D:8      | Found Ucveff's General Store.
  7187 | D:8      | Bought a potion of might for 52 gold pieces
  7187 | D:8      | Bought a scroll of identify for 26 gold pieces
  7781 | D:7      | Noticed Duvessa
  7781 | D:7      | Noticed Dowan
  7782 | D:7      | hi
  7836 | D:7      | Killed Dowan
  7839 | D:7      | Killed Duvessa
  8064 | D:7      | Noticed Pikel
  8094 | D:7      | Killed Pikel
  8094 | D:7      | Reached skill level 12 in Axes
  8220 | D:7      | Found Ifepeis's Gadget Shop.
  8812 | D:8      | Found Cesmek's Distillery.
  8862 | D:8      | Reached skill level 9 in Fighting
  8900 | D:8      | Found Ymeha's Food Boutique.
  8973 | D:8      | Found Qorrah's Magic Scroll Shop.
  8979 | D:8      | Bought a scroll of identify for 28 gold pieces
  8979 | D:8      | Bought a scroll of identify for 28 gold pieces
  9006 | D:8      | Found a basalt altar of Yredelemnul.
  9007 | D:8      | Found a burning altar of Makhleb.
  9311 | D:9      | Received a gift from Trog
  9343 | D:9      | Found a stormy altar of Qazlal.
  9376 | D:9      | Found a white marble altar of Elyvilon.
  9376 | D:9      | Found a stormy altar of Qazlal.
  9390 | D:9      | Found a runed door.
  9395 | D:9      | hm
  9483 | D:9      | Reached ***** piety under Trog
  9505 | D:9      | Reached XP level 11. HP: 58/89 MP: 11/11
  9703 | D:9      | Found an iron altar of Okawaru.
  9802 | D:9      | Found an opulent altar of Gozag.
  9843 | D:9      | Found a shadowy altar of Dithmenos.
  9945 | D:9      | Noticed a flayed ghost
  9946 | D:9      | oh right
  9956 | D:9      | Killed a flayed ghost
 10093 | D:9      | Found a shimmering altar of Xom.
 10116 | D:9      | Noticed Maurice
 10151 | D:9      | Killed Maurice
 10261 | D:9      | Noticed a two-headed ogre
 10283 | D:9      | Killed a two-headed ogre
 10444 | D:9      | Found a staircase to the Orcish Mines.
 10686 | D:10     | Killed a two-headed ogre
 10811 | D:10     | Received a gift from Trog
 10859 | D:10     | Found Gonezop's Jewellery Boutique.
 11113 | D:10     | Reached XP level 12. HP: 99/100 MP: 4/12
 11363 | D:11     | Noticed Fannar
 11388 | D:11     | Killed Fannar
 11689 | D:11     | Noticed a skeletal warrior
 11689 | D:11     | Noticed a skeletal warrior
 11689 | D:11     | Noticed a skeletal warrior
 11689 | D:11     | Noticed a skeletal warrior
 11689 | D:11     | Noticed a skeletal warrior
 11690 | D:11     | ugh
 11690 | D:11     | right
 11767 | Lair:1   | Entered Level 1 of the Lair of Beasts
 11877 | Lair:1   | Reached skill level 15 in Axes
 12110 | Lair:1   | Identified the Catalogue of Confrontation and the Voyage
 12377 | Lair:1   | Noticed Harold
 12390 | Lair:1   | Killed Harold
 13081 | Lair:1   | Got a fine buckler
 13092 | Lair:1   | Identified the +1 buckler of Generosity {+Fly rCorr Int+2} (You acquired it on level 1 of the Lair of Beasts)
 13704 | Lair:2   | meh
 13871 | Lair:2   | Found a staircase to the Swamp.
 14099 | Lair:2   | Reached skill level 12 in Fighting
 14106 | Lair:2   | Found a staircase to the Snake Pit.
 14145 | Lair:2   | Reached XP level 13. HP: 103/108 MP: 4/13
 14178 | Lair:2   | Reached skill level 6 in Armour
 14188 | Lair:2   | Received a gift from Trog
 15216 | Lair:3   | Noticed an eight-headed hydra
 15216 | Lair:3   | hm
 15221 | Lair:3   | Killed an eight-headed hydra
 15565 | Lair:3   | Noticed a seven-headed hydra
 15569 | Lair:3   | Killed a seven-headed hydra
 16323 | D:8      | Bought a scroll of acquirement for 676 gold pieces
 16335 | D:8      | meh
 16459 | Lair:4   | Noticed a six-headed hydra
 16464 | Lair:4   | Killed a six-headed hydra
 17689 | Lair:5   | Noticed a four-headed hydra
 17694 | Lair:5   | Killed a two-headed hydra
 17694 | Lair:5   | Reached skill level 9 in Armour
 17694 | Lair:5   | Reached XP level 14. HP: 105/118 MP: 14/14
 18010 | Lair:6   | Entered Level 6 of the Lair of Beasts
 18020 | Lair:6   | Received a gift from Trog
 18852 | Lair:6   | Reached skill level 18 in Axes
 19238 | Lair:6   | Reached ****** piety under Trog
 19239 | Lair:6   | Received a gift from Trog
 20024 | Lair:6   | Found a staircase to the Slime Pits.
 20758 | D:10     | Bought a +3 amulet of reflection for 188 gold pieces
 20882 | D:11     | Noticed Psyche
 20893 | D:11     | Killed Psyche
 20921 | D:11     | Noticed Josephine
 20938 | D:11     | Reached XP level 15. HP: 126/126 MP: 15/15
 20943 | D:11     | Killed Josephine
 21280 | D:12     | Noticed a fire giant
 21280 | D:12     | ...
 21284 | D:12     | Killed a fire giant
 21293 | D:12     | Received a gift from Trog
 21383 | D:12     | Reached skill level 15 in Fighting
 22241 | Orc:1    | Entered Level 1 of the Orcish Mines
 22272 | Orc:1    | Noticed Nergalle
 22287 | Orc:1    | Killed Nergalle
 22332 | Orc:1    | Received a gift from Trog
 22615 | Orc:2    | Entered Level 2 of the Orcish Mines
 22631 | Orc:2    | Noticed a stone giant
 22635 | Orc:2    | oh
 22638 | Orc:2    | Killed a stone giant
 22639 | Orc:2    | rip
 23578 | Orc:2    | Found a staircase to the Elven Halls.
 23745 | Orc:2    | Found Moghetust's Food Shoppe.
 23870 | Orc:2    | Found Cihasets's Magic Scroll Emporium.
 24475 | Orc:2    | Reached XP level 16. HP: 127/136 MP: 16/16
 24731 | Orc:2    | Found Butret's Gadget Shop.
 24731 | Orc:2    | Found Fouxima's Antique Armour Boutique.
 24731 | Orc:2    | Found a one-way gate leading to the halls of Pandemonium.
 25506 | D:13     | Noticed Erolcha
 25517 | D:13     | Killed Erolcha
 25550 | D:13     | Received a gift from Trog
 25554 | D:13     | Got a dazzling battleaxe {god gift}
 25555 | D:13     | Identified the +3 battleaxe of the Battered Orbs {freeze, *Contam rPois rF+ Int+7} (Trog gifted it to you on level 13 of the Dungeon)
 25556 | D:13     | meh
 26074 | D:14     | Reached skill level 12 in Armour
 26099 | D:14     | Found Qufrergh's Jewellery Boutique.
 26463 | D:14     | Found Hetazxiri's Food Shoppe.
 26749 | D:14     | Found Urchumaf's Jewellery Emporium.
 26791 | D:14     | Noticed Nessos
 26792 | D:14     | Noticed Rupert
 26792 | D:14     | hi...
 26840 | D:14     | Killed Rupert
 26948 | D:14     | Found a gate to the Vaults.
 27459 | D:14     | Killed Nessos
 27825 | D:15     | Entered Level 15 of the Dungeon
 28567 | D:15     | Noticed a fire giant
 28652 | D:15     | Found a staircase to the Depths.
 28677 | D:15     | Killed a fire giant
 29134 | Orc:2    | Bought a scroll of brand weapon for 340 gold pieces
 29218 | D:10     | Bought the ring of the Salmon {Ice Str+5 Stlth+} for 543 gold pieces
 29219 | D:10     | Bought a +2 ring of slaying for 252 gold pieces
 29296 | Swamp:1  | Entered Level 1 of the Swamp
 29309 | Swamp:1  | Reached XP level 17. HP: 128/142 MP: 17/17
 29344 | Swamp:1  | Reached skill level 15 in Armour
 29604 | Swamp:1  | Reached skill level 3 in Dodging
 29670 | Swamp:1  | Received a gift from Trog
 29687 | Swamp:1  | Noticed Kirke
 29706 | Swamp:1  | Killed Kirke
 30096 | Swamp:2  | Received a gift from Trog
 30097 | Swamp:2  | Found the +14 obsidian axe {chop, +Fly SInv *Curse}
 30097 | Swamp:2  | !!!
 30182 | Swamp:2  | :(
 30199 | Swamp:2  | :(
 31162 | Swamp:3  | Noticed a thorn hunter
 31171 | Swamp:3  | Killed a thorn hunter
 31380 | Swamp:3  | Noticed Jorgrun
 31392 | Swamp:3  | Killed Jorgrun
 31415 | Swamp:3  | Noticed a thorn hunter
 31426 | Swamp:3  | Killed a thorn hunter
 31455 | Swamp:3  | Noticed Bai Suzhen
 31460 | Swamp:3  | ugh
 31467 | Swamp:4  | Entered Level 4 of the Swamp
 31688 | Swamp:3  | Killed Bai Suzhen
 32332 | Swamp:3  | Reached skill level 6 in Shields
 32774 | Swamp:4  | Reached XP level 18. HP: 145/151 MP: 18/18
 32787 | Swamp:4  | Found the +0 pair of fencer's gloves {+Riposte Dex+3}
 32963 | Swamp:4  | Got a transparent buckler
 32974 | Swamp:4  | Identified the +0 buckler of Makhleb's Supremacy {Int+8} (You found it on level 4 of the Swamp)
 33515 | Swamp:4  | Reached skill level 9 in Shields
 33521 | Swamp:4  | Received a gift from Trog
 33794 | Swamp:4  | Noticed a bone dragon
 33802 | Swamp:4  | Killed a bone dragon
 34022 | Swamp:4  | Got a decaying rune of Zot
 34166 | Snake:1  | Entered Level 1 of the Snake Pit
 34183 | Snake:1  | sigh
 34605 | Orc:2    | Bought a shield for 162 gold pieces
 34800 | Snake:1  | sigh
 35096 | Snake:1  | Received a gift from Trog
 35191 | Snake:1  | sigh
 35537 | Snake:2  | Found a white marble altar of Elyvilon.
 35803 | Snake:2  | Got a pair of crude gloves
 35804 | Snake:2  | Identified the +0 pair of gloves of Ymist {MR+ Dex+2} (You acquired it on level 2 of the Snake Pit)
 35838 | Snake:2  | Noticed Louise
 35852 | Snake:2  | Killed Louise
 35905 | Snake:2  | Noticed Vashnia
 35909 | Snake:2  | sigh
 35935 | Snake:2  | Killed Vashnia
 35951 | Snake:2  | Reached XP level 19. HP: 132/161 MP: 19/19
 36127 | Snake:2  | Noticed Azrael
 36143 | Snake:2  | Killed Azrael
 36385 | Snake:2  | Received a gift from Trog
 37230 | Snake:3  | Reached skill level 12 in Shields
 37234 | Snake:3  | Got a coiled jade ring
 37235 | Snake:3  | Identified the ring "Fiyluat" {+Inv rPois rN+ Int+2} (You found it on level 3 of the Snake Pit)
 37930 | Snake:4  | Entered Level 4 of the Snake Pit
 38363 | Snake:4  | Received a gift from Trog
 38501 | Snake:4  | Received a gift from Trog
 38802 | Snake:4  | Reached skill level 15 in Shields
 38817 | Snake:4  | meh
 38824 | Snake:4  | hm
 38842 | Snake:4  | Reached XP level 20. HP: 59/168 MP: 20/20
 39208 | Snake:4  | Got a serpentine rune of Zot
 39443 | Elf:1    | Entered Level 1 of the Elven Halls
 39451 | Elf:1    | Received a gift from Trog
 39817 | Elf:1    | Reached skill level 18 in Fighting
 39817 | Elf:1    | Reached skill level 18 in Armour
 39824 | Elf:1    | sigh
 40099 | Elf:1    | Found Kuwnaw's Magic Scroll Shoppe.
 40102 | Elf:1    | Found the +2 cloak of the Thief {+Fog Slay-2 SInv Stlth+}
 40121 | Elf:1    | Bought a scroll of brand weapon for 320 gold pieces
 40578 | Elf:1    | Found a roughly hewn altar of Beogh.
 40676 | Elf:2    | Found Mokhlaol's Jewellery Shop.
 40701 | Elf:2    | sigh
 40706 | Elf:2    | meh
 40856 | Elf:2    | Received a gift from Trog
 40892 | Elf:2    | Found Zoaxtu's Assorted Antiques.
 40897 | Elf:2    | Found Buext's Weapon Shoppe.
 41089 | Elf:2    | Found Rinub's Antique Weapon Boutique.
 41362 | Elf:2    | Found a huge runed gate.
 41362 | Elf:2    | Found a huge runed gate.
 41362 | Elf:2    | Found a huge runed gate.
 41362 | Elf:2    | Found a huge runed gate.
 41362 | Elf:2    | Found a huge runed gate.
 41483 | Elf:2    | Received a gift from Trog
 41490 | Elf:2    | Noticed btt's ghost (adept MiFi)
 41492 | Elf:2    | Reached XP level 21. HP: 151/180 MP: 21/21
 41493 | Elf:2    | Noticed Donald
 41503 | Elf:2    | Killed btt's ghost
 41504 | Elf:2    | Killed Donald
 42174 | Vaults:1 | Entered Level 1 of the Vaults
 42257 | Vaults:1 | Reached skill level 1 in Evocations
 42413 | Vaults:1 | Reached skill level 3 in Evocations
 42822 | Vaults:1 | Reached skill level 6 in Evocations
 42872 | Vaults:1 | Noticed Nikola
 42883 | Vaults:1 | Received a gift from Trog
 42922 | Vaults:1 | Killed Nikola
 43250 | Vaults:1 | Reached skill level 9 in Evocations
 43284 | Vaults:1 | Received a gift from Trog
 43307 | Vaults:1 | Got an iridescent flail {protect}
 43699 | Vaults:1 | Noticed Saint Roka
 43707 | Vaults:1 | Killed Saint Roka
 43830 | Vaults:1 | Found Yddarchu's Food Boutique.
 43883 | Vaults:1 | Reached XP level 22. HP: 188/188 MP: 29/29
 43938 | Vaults:1 | Received a gift from Trog
 44620 | Vaults:2 | Found a gateway to a bazaar.
 44673 | Vaults:2 | Reached skill level 6 in Dodging
 44787 | Vaults:2 | Found a staircase to the Crypt.
 44787 | Vaults:2 | Found a basalt altar of Yredelemnul.
 44788 | Vaults:2 | Found an ancient bone altar of Kikubaaqudgha.
 45090 | Vaults:3 | Received a gift from Trog
 45102 | Vaults:3 | Found Pibis's Jewellery Shoppe.
 46321 | Vaults:4 | Received a gift from Trog
 46472 | Vaults:4 | Reached XP level 23. HP: 185/198 MP: 30/30
 46658 | Vaults:4 | meh
 46699 | Vaults:4 | Noticed Mara
 46703 | Vaults:4 | oh
 46704 | Vaults:4 | Noticed elliptic's illusion
 46727 | Vaults:4 | Killed Mara
 46900 | Vaults:4 | Reached skill level 21 in Fighting
 46900 | Vaults:4 | Reached skill level 21 in Armour
 46901 | Vaults:4 | Received a gift from Trog
 46968 | Vaults:4 | Got an iridescent triple crossbow {god gift}
 47302 | Vaults:1 | oh
 47405 | Vaults:4 | Found a sacrificial altar of Ru.
 47746 | Vaults:2 | meh
 47749 | Crypt:1  | Entered Level 1 of the Crypt
 47809 | Crypt:1  | Received a gift from Trog
 48301 | Crypt:1  | Reached XP level 24. HP: 210/210 MP: 30/30
 48396 | Crypt:1  | Received a gift from Trog
 48890 | Crypt:2  | hm
 49137 | Crypt:2  | Noticed Margery
 49148 | Crypt:2  | Killed Margery
 49542 | Crypt:2  | Received a gift from Trog
 49838 | Crypt:3  | Entered Level 3 of the Crypt
 50133 | Crypt:3  | Found a basalt altar of Yredelemnul.
 50148 | Crypt:3  | Received a gift from Trog
 50171 | Crypt:3  | Got a twisted hand axe {god gift}
 50610 | Crypt:3  | Reached XP level 25. HP: 95/219 MP: 30/30
 50611 | Crypt:3  | meh
 50621 | Crypt:3  | HP: 40/219 [flayed ghost (15)]
 50953 | Crypt:3  | Received a gift from Trog
 50977 | Crypt:3  | Identified the Catalogue of Darkness
 50982 | Crypt:3  | Got an ichor-stained leather armour
 51033 | Crypt:3  | Found a staircase to the Tomb.
 51033 | Crypt:3  | Noticed an ancient lich
 51042 | Crypt:3  | Killed an ancient lich
 51412 | Bazaar   | Entered a bazaar
 51412 | Bazaar   | Found Xeiso's General Store.
 51412 | Bazaar   | Found Opny's Antique Weapon Boutique.
 51434 | Bazaar   | Found Ceedopsu's Distillery.
 51442 | Bazaar   | Found Mytoez's Antique Armour Emporium.
 51450 | Bazaar   | Bought a faintly glowing plate armour for 840 gold pieces
 51450 | Bazaar   | Identified the +2 plate armour of the Spheres {Int+2 Dex+4} (You bought it in a shop in a bazaar)
 51455 | Bazaar   | Found Oxeeneum's Jewellery Boutique.
 51463 | Bazaar   | Bought the ring of the Zebra {Str+5 Slay+2} for 679 gold pieces
 51479 | Bazaar   | Bought a potion of curing for 24 gold pieces
 51504 | Bazaar   | Bought a potion of might for 40 gold pieces
 51504 | Bazaar   | Bought a potion of heal wounds for 50 gold pieces
 51504 | Bazaar   | Bought a potion of curing for 30 gold pieces
 51504 | Bazaar   | Bought a potion of curing for 30 gold pieces
 51651 | Depths:1 | Entered Level 1 of the Depths
 51651 | Depths:1 | Found a gateway to Hell.
 51651 | Depths:1 | Found Ofen Aqo's Book Shop.
 51653 | Depths:1 | Found Ukubom's Magic Scroll Shop.
 51903 | Depths:1 | Noticed the Enchantress
 51904 | Depths:1 | hi
 51911 | Depths:1 | Killed the Enchantress
 51947 | Depths:1 | Found Hycryol's Jewellery Emporium.
 51969 | Depths:1 | Got faerie dragon scales
 51971 | Depths:1 | Identified the +2 faerie dragon scales {rElec rCorr MP+2} (You took it off the Enchantress on level 1 of the Depths)
 52038 | Depths:1 | Found a gateway to a ziggurat.
 52111 | Depths:1 | Received a gift from Trog
 52214 | Depths:1 | Noticed a juggernaut
 52222 | Depths:1 | Killed a juggernaut
 52405 | Depths:1 | Found Ovopor's Magic Scroll Shop.
 52886 | Depths:2 | Reached skill level 24 in Fighting
 52886 | Depths:2 | Reached skill level 24 in Armour
 52969 | Depths:2 | Found a one-way gate to the infinite horrors of the Abyss.
 53463 | Depths:3 | Reached skill level 9 in Dodging
 53508 | Depths:3 | Reached XP level 26. HP: 229/231 MP: 30/30
 53553 | Depths:3 | Received a gift from Trog
 53648 | Depths:3 | Found Muzid's Food Emporium.
 53931 | Depths:3 | Found Plog's Jewellery Boutique.
 53932 | Depths:3 | Found Cukony's Gadget Emporium.
 53940 | Depths:3 | Found Vimooloa's Jewellery Boutique.
 54044 | Depths:3 | Found a hide-covered altar of Uskayaw.
 55205 | Depths:3 | Bought the amulet "Hukken" {Reflect rElec rPois Int+3 SH+4} for 927 gold pieces
 55463 | Depths:4 | Received a gift from Trog
 55521 | Depths:4 | Found Rudinkur's Distillery.
 55566 | Depths:4 | Got a pair of jewelled boots
 55577 | Depths:4 | Identified the +0 pair of boots of Heresy {rN++} (You acquired it on level 4 of the Depths)
 55619 | Depths:4 | Got a pitted quarterstaff
 55803 | Depths:4 | Reached skill level 21 in Axes
 56024 | Depths:4 | good sokoban
 56027 | Depths:5 | Entered Level 5 of the Depths
 56255 | Depths:5 | Got an ancient chain mail
 56267 | Depths:5 | Got a pair of polished gloves
 56268 | Depths:5 | Identified the +1 pair of gloves of the Invisible Hand {rC+ Dex+2} (You found it on level 5 of the Depths)
 56516 | Depths:5 | Received a gift from Trog
 56638 | Depths:5 | Reached XP level 27. HP: 240/240 MP: 30/30
 57015 | Depths:5 | Found a gate to the Realm of Zot.
 57426 | Vaults:5 | Entered Level 5 of the Vaults
 57716 | Vaults:5 | Noticed an ancient lich
 57726 | Vaults:4 | Received a gift from Trog
 57752 | Vaults:4 | Killed an ancient lich
 57827 | Vaults:5 | Reached skill level 12 in Dodging
 57928 | Vaults:5 | Received a gift from Trog
 58069 | Vaults:5 | Noticed an ancient lich
 58078 | Vaults:5 | Killed an ancient lich
 58168 | Vaults:5 | Got a silver rune of Zot
 58374 | Vaults:5 | Found Gipuadd's Food Shoppe.
 58374 | Vaults:5 | Found Gepp's Food Boutique.
 58439 | Vaults:5 | Received a gift from Trog
 58579 | Vaults:5 | Found Zaoqiojo's Food Shop.
 58592 | Vaults:5 | hm
 58868 | Vaults:5 | Noticed an ancient lich
 58874 | Vaults:5 | Killed an ancient lich
 58973 | Vaults:5 | Received a gift from Trog
 59082 | Vaults:5 | Got a scorched plate armour
 59083 | Vaults:5 | Identified the +9 plate armour of Waifeqel {+Inv Int-2 Dex-5 Stlth+} (You found it on level 5 of the Vaults)
 59689 | Zot:1    | Entered Level 1 of the Realm of Zot
 59773 | Zot:1    | Cast into level 5 of the Abyss (a Zot trap)
 59773 | Abyss:5  | Entered Level 5 of the Abyss
 59774 | Abyss:5  | sigh
 59794 | Zot:1    | Escaped the Abyss
 60220 | Zot:1    | Noticed an electric golem
 60265 | Zot:1    | Killed an electric golem
 60316 | Zot:1    | Noticed an electric golem
 60317 | Zot:1    | Noticed an electric golem
 60333 | Zot:1    | Killed an electric golem
 60358 | Zot:1    | Killed an electric golem
 60817 | Zot:2    | Received a gift from Trog
 60922 | Zot:2    | Reached skill level 27 in Fighting
 60922 | Zot:2    | Reached skill level 27 in Armour
 61434 | Zot:2    | Found a hazy altar of Hepliaklqana.
 62282 | Zot:3    | Received a gift from Trog
 63108 | Zot:3    | Got a slimy wooden ring
 63109 | Zot:3    | Identified the ring of Areh Tugh {Ice rN+ Str+3} (You found it on level 3 of the Realm of Zot)
 63419 | Zot:4    | Noticed an electric golem
 63448 | Zot:4    | Killed an electric golem
 63970 | Zot:4    | Received a gift from Trog
 64294 | Zot:4    | finally
 64877 | Depths:4 | Bought a potion of heal wounds for 95 gold pieces
 64877 | Depths:4 | Bought a potion of heal wounds for 95 gold pieces
 64877 | Depths:4 | Bought a potion of heal wounds for 95 gold pieces
 64877 | Depths:4 | Bought a potion of might for 76 gold pieces
 64877 | Depths:4 | Bought a potion of cancellation for 152 gold pieces
 65077 | Orc:2    | Bought a scroll of enchant armour for 127 gold pieces
 65077 | Orc:2    | Bought a scroll of enchant armour for 127 gold pieces
 65083 | Orc:2    | Bought a scroll of enchant weapon for 127 gold pieces
 65130 | Elf:1    | Bought a scroll of enchant weapon for 120 gold pieces
 65338 | Depths:1 | Bought a scroll of enchant weapon for 172 gold pieces
 65395 | Depths:4 | Bought a potion of curing for 57 gold pieces
 65395 | Depths:4 | Bought a potion of curing for 57 gold pieces
 65397 | Depths:4 | Got a pair of polished gloves
 65398 | Depths:4 | Identified the +0 pair of gloves "Zouson" {rF++ SInv} (You acquired it on level 4 of the Depths)
 65399 | Depths:4 | okay
 65767 | Zot:5    | Entered Level 5 of the Realm of Zot
 65896 | Zot:5    | Reached skill level 24 in Axes
 66141 | Zot:5    | Noticed an ancient lich
 66178 | Zot:5    | Killed an ancient lich
 66193 | Zot:5    | Noticed an ancient lich
 66220 | Zot:5    | Killed an ancient lich
 66311 | Zot:5    | Received a gift from Trog
 66318 | Zot:5    | Noticed an ancient lich
 66323 | Zot:5    | Noticed an orb of fire
 66332 | Zot:5    | Lost mutation: Your muscles are very strong. (Str +4) [an orb of fire]
 66333 | Zot:5    | Killed an ancient lich
 66335 | Zot:5    | Killed an orb of fire
 66337 | Zot:5    | Noticed an ancient lich
 66348 | Zot:5    | Killed an ancient lich
 66352 | Zot:5    | Noticed an electric golem
 66371 | Zot:5    | Killed an electric golem
 66432 | Zot:5    | Noticed an ancient lich
 66442 | Zot:5    | Killed an ancient lich
 66483 | Zot:5    | Noticed an orb of fire
 66486 | Zot:5    | Lost mutation: Your muscles are strong. (Str +2) [an orb of fire]
 66491 | Zot:5    | Noticed an electric golem
 66498 | Zot:5    | Gained mutation: You are clumsy. (Dex -2) [an orb of fire]
 66500 | Zot:5    | Killed an orb of fire
 66512 | Zot:5    | Killed an electric golem
 66551 | Zot:5    | Noticed an ancient lich
 66566 | Zot:5    | Killed an ancient lich
 66571 | Zot:5    | Noticed an ancient lich
 66591 | Zot:5    | Killed an ancient lich
 66943 | Zot:5    | Noticed an orb of fire
 66943 | Zot:5    | Gained mutation: Your body sometimes deteriorates upon taking damage. [an orb of fire]
 66956 | Zot:5    | Noticed an orb of fire
 66963 | Zot:5    | Gained mutation: You do not regenerate when monsters are visible. [an orb of fire]
 66967 | Zot:5    | Killed an orb of fire
 66967 | Zot:5    | Reached skill level 27 in Axes
 66967 | Zot:5    | Killed an orb of fire
 67242 | Zot:5    | Noticed an ancient lich
 67248 | Zot:5    | Killed an ancient lich
 67301 | Zot:5    | Noticed an ancient lich
 67313 | Zot:5    | Killed an ancient lich
 67313 | Zot:5    | Reached skill level 18 in Shields
 67670 | Zot:5    | Lost mutation: You are clumsy. (Dex -2) [potion of mutation]
 67670 | Zot:5    | Lost mutation: You occasionally shout uncontrollably at your foes. [potion of mutation]
 67670 | Zot:5    | Lost mutation: Your body sometimes deteriorates upon taking damage. [potion of mutation]
 67670 | Zot:5    | Gained mutation: You evolve. [potion of mutation]
 67670 | Zot:5    | Gained mutation: You are resistant to electric shocks. (rElec) [potion of mutation]
 67671 | Zot:5    | Lost mutation: You evolve. [potion of mutation]
 67671 | Zot:5    | Lost mutation: You are partially covered in molten scales. (AC +2) [potion of mutation]
 67671 | Zot:5    | Lost mutation: You do not regenerate when monsters are visible. [potion of mutation]
 67671 | Zot:5    | Lost mutation: You are resistant to electric shocks. (rElec) [potion of mutation]
 67671 | Zot:5    | Gained mutation: You are partially covered in slimy green scales. (AC +2) [potion of mutation]
 67671 | Zot:5    | Gained mutation: You are surrounded by a mild repulsion field. (EV +2) [potion of mutation]
 67671 | Zot:5    | Gained mutation: Your natural rate of healing is unusually fast. [potion of mutation]
 67672 | Zot:5    | Got the Orb of Zot
 67751 | Zot:5    | Noticed Ahufat Piba the pandemonium lord
 67751 | Zot:5    | hi
 67753 | Zot:5    | ugh
 67754 | Zot:5    | Received a gift from Trog
 67765 | Zot:5    | Killed Ahufat Piba the pandemonium lord
 68072 | D:15     | Noticed Qymias the pandemonium lord
 68349 | D:$      | Escaped with the Orb!

Vault maps used:
D:1:      shiori_shiawase, minmay_tripent
D:2:      old_standard_altar
D:3:      cheibrodos_thug_alley, lemuel_doored_altar, supply_closet_lemuel
D:4:      nicolae_overflow_crystal_walls, cheibrodos_sewer_entry_drain,
          uniq_eustachio
D:5:      cheibrodos_ashenzari_chains, minmay_temple_entry_hall, first_ration
D:6:      dancing_weapons_uskayaw, grunt_decor_one_mirror
D:7:      serial_shops, shop, uniq_pikel, uniq_duvessa
D:8:      minitemple, minmay_lair_entry_lava, serial_shops, shop_statue,
          kennysheep_mini, nicolae_shop_temple_entry_statues_fountains, shop
D:9:      due_megacathedral, lemuel_crystal_altar, uniq_maurice
D:10:     serial_shops, nicolae_shop_waterfront
D:11:     uniq_psyche, uniq_josephine, uniq_fannar
D:12:     minmay_expanding_squares, grunt_pizzeria
D:13:     uniq_erolcha
D:14:     david_vaults_3, minmay_misc_feat_diagonals, serial_shops,
          shop_fountains, nicolae_shop_crystal,
          nicolae_shop_temple_entry_statues_fountains
D:15:     grunt_enter_depths_giant_problem, minmay_misc_feat_nine_boxes
Lair:1:   hangedman_lair_unloving_vines, infiniplex_staircase_pool, uniq_harold
Lair:2:   swamp_mist, minmay_snake_entry_six_corridors, beast_lair_carwin_1
Lair:4:   lemuel_fruit_tree, minmay_lair_oklob_chamber
Lair:6:   minmay_lair_end_frog_pond, dpeg_slime_entry_corner
Swamp:1:  evilmike_swamp_ruin_rubble_2, uniq_kirke
Swamp:2:  hangedman_swamp_lotus, swamp_pool5
Swamp:3:  evilmike_swamp_ruin_house_3, cheibrodos_swamp_pet_leeches,
          uniq_jorgrun, uniq_bai_suzhen
Swamp:4:  swamp_pestilence, swamp_pool2, nicolae_swamp_fairy_circle,
          nicolae_swamp_hydra_murder_den
Snake:1:  dpeg_oklob_gauntlet
Snake:2:  basic_altar, hangedman_snake_corridor_split, serial_bayou_shore_b,
          uniq_vashnia, uniq_louise, uniq_azrael
Snake:4:  grunt_snake_rune_serpentine_throne, grunt_ministairs_9, st_stairs_4
Orc:1:    uniq_nergalle
Orc:2:    pf_orc_diabolical
Elf:1:    eino_elf_arrival_shootout, special_room, serial_shops, shop,
          hangedman_elven_crosses_minicolossus, st_stairs_2
Elf:2:    serial_shops, shop, shop, shop, nicolae_shop_waterfront,
          basic_stair_grate_trap, uniq_donald
Vaults:1: st_eye, v_misc_3, nicolae_vaults_gold_heap, nicolae_vaults_alarming,
          grunt_vaults_hallway_short, v_pattern_3, hangedman_vaults_maws,
          v_rooms_4, hangedman_vaults_snaps, nicolae_vaults_shelves_hall,
          vaults_dpeg_hooks, serial_shops, nicolae_shop_crystal, uniq_nikola,
          uniq_saint_roka
Vaults:2: minmay_crypt_entry_necro_gods, ontoclasm_vaults_pinch,
          vaults_dpeg_diagonal, v_rooms_5, ontoclasm_vaults_idyll,
          vaults_standard_mumra_enter_the_diamond, nicolae_vaults_asterisk,
          nicolae_vaults_rhombus_6, ontoclasm_vaults_ligature, v_misc_5,
          v_misc_11, serial_shops, statue_bzr
Vaults:3: nicolae_vaults_network_square, grunt_vaults_bifocal,
          vaults_mumra_chevron_long, vaults_room_pools, v_misc_26,
          nicolae_vaults_puzzle_piece, nicolae_vaults_yaktaur_gun_rack,
          nicolae_vaults_what_the_h, nicolae_vaults_little_squares_2,
          ontoclasm_vaults_twist, vaults_standard_mumra_x,
          grunt_vaults_hallway_long, serial_shops, shop
Vaults:4: hangedman_vaults_stretched_pinwheel, nicolae_vaults_little_squares_5,
          v_misc_9, nicolae_vaults_stairing_the_circle,
          hangedman_vaults_restitches, hangedman_vaults_variations,
          nicolae_vaults_network_star, vaults_mumra_hex,
          ontoclasm_vaults_gallery, basic_altar, uniq_mara
Vaults:5: serial_shops
Crypt:1:  serial_co_window_serial, co_window_paths_a,
          co_window_of_opportunity_a, co_window_of_opportunity_a,
          co_window_paths_a, co_window_paths_a, co_window_paths_c,
          co_window_unsneaky_path_c, co_window_corner_b, co_window_broadway_a,
          co_window_4corner_a, co_window_paths_e, serial_sigils_hangedman_gnaw,
          st_stairs_7, minmay_misc_feat_rows, lemuel_statue_altar
Crypt:2:  hangedman_screamer, minmay_misc_feat_ornament, uniq_margery
Crypt:3:  grunt_crypt_end_deaths_head
Depths:1: enter_ziggurat_b, pan_entry, hell_entry, serial_shops, shop,
          nicolae_shop_crystal, nicolae_shop_temple_entry_statues_fountains,
          shop, serial_sigils_hangedman_scratch, nrook_mini_backslash,
          kennysheep_boxes, uniq_enchantress
Depths:2: wad_pebble_path, pan_entry, hangedman_abyss_or_decor_lesser_grid,
          abyss_entry_crystal, hangedman_coc_ice_floe, minmay_misc_feat_hallway
Depths:3: regret_index_uskayaw_diablada_macabre, grunt_hell_horde, pan_entry,
          serial_shops, shop, hangedman_decor_push,
          infiniplex_staircase_split_hallway, minmay_shop_grove
Depths:4: kennysheep_six_static_rooms, serial_shops, nicolae_shop_stone,
          bh_chokoban, rand_demon_pan_entry_1, hell_entry, abyss_entry,
          kennysheep_generic_room_14, infiniplex_staircase_hallway_doors
Depths:5: evilmike_zot_entry_round, hangedman_abyss_or_decor_slice,
          grunt_hell_entry_dis_old
Zot:1:    amethyst_zot_foddershock
Zot:2:    circus_mu, basic_altar
Zot:3:    gammafunk_mikee_crab_dinner
Zot:4:    basic_stair_grate_trap
Zot:5:    st_stairs_4
Abyss:5:  evilmike_abyss_exit_plants,
          dshaligram_kb_abyss_rune_zappy_water_cross, evilmike_abyss_exit_7,
          hangedman_abyss_mock_shop
Bazaar:   bazaar_lake
Sewer:    sewer_co_cracked_pipes

Action                   |  1- 3 |  4- 6 |  7- 9 | 10-12 | 13-15 | 16-18 | 19-21 | 22-24 | 25-27 || total
-------------------------+-------+-------+-------+-------+-------+-------+-------+-------+-------++-------
Melee: Hand axe          |    98 |   132 |   478 |    10 |       |       |       |       |       ||   718
       War axe           |       |       |       |   469 |       |       |       |       |       ||   469
       Battleaxe         |       |       |       |   210 |   862 |   460 |    20 |    25 |  2395 ||  3972
       Broad axe         |       |       |       |       |       |   460 |   882 |  1049 |    33 ||  2424
       Executioner's axe |       |       |       |       |       |       |       |       |   148 ||   148
Throw: Javelin           |       |     6 |     9 |     7 |       |       |       |       |       ||    22
Invok: Burn Spellbooks   |       |     2 |       |       |     2 |     3 |     3 |     1 |     9 ||    20
       Trog's Hand       |       |       |     7 |     3 |     5 |    10 |    14 |     8 |    21 ||    68
       Brothers in Arms  |       |       |     1 |       |     2 |     4 |     5 |     2 |     2 ||    16
 Abil: Shaft Self        |       |       |     1 |       |       |       |       |       |       ||     1
       Evoke Flight      |       |       |       |       |       |     6 |       |       |       ||     6
       Evoke Fog         |       |       |       |       |       |       |     1 |       |       ||     1
       Dig               |       |       |       |       |       |       |       |       |     1 ||     1
Evoke: Wand              |       |       |     2 |       |    14 |     3 |       |       |     6 ||    25
  Use: Scroll            |     8 |     5 |     6 |     7 |     6 |    14 |    11 |    11 |    39 ||   107
       Potion            |       |     1 |     9 |     1 |       |     3 |     1 |       |     5 ||    20
 Stab: Sleeping          |     1 |       |       |       |       |       |       |       |       ||     1
       Invisible         |       |       |     7 |       |       |       |       |       |     2 ||     9
       Distracted        |       |       |       |       |     1 |     7 |     4 |    15 |     1 ||    28
       Confused          |       |       |       |       |       |       |       |       |     2 ||     2
  Eat: Chunk             |     3 |     5 |    16 |    21 |    25 |    15 |    23 |    10 |    10 ||   128
       Ration            |       |       |       |     1 |     3 |     9 |     3 |     6 |    26 ||    48
Armor: Animal skin       |     5 |       |       |       |       |       |       |       |       ||     5
       Robe              |    12 |     4 |       |       |       |       |       |       |       ||    16
       Ring mail         |       |    21 |    99 |       |       |       |       |       |       ||   120
       Skin              |       |       |    85 |       |       |       |       |       |       ||    85
       Plate armour      |       |       |    59 |   429 |   379 |   443 |   183 |   196 |   674 ||  2363
       Gold dragon scale |       |       |       |       |       |       |       |       |   144 ||   144
Dodge: Dodged            |    74 |    49 |   202 |   236 |   199 |   224 |   102 |   157 |   587 ||  1830
Block: Buckler           |       |       |    29 |   148 |   203 |   256 |       |       |       ||   636
       Reflection        |       |       |       |       |     6 |    44 |    94 |    59 |    49 ||   252
       Shield            |       |       |       |       |       |    79 |       |       |       ||    79
       Large shield      |       |       |       |       |       |    13 |   768 |   889 |  2490 ||  4160
       Rpst.: Broad axe  |       |       |       |       |       |    20 |    18 |    26 |     1 ||    65
       Battleaxe         |       |       |       |       |       |       |     1 |     1 |    28 ||    30
